AoeStats
← Rashedul

Arena

508630460Analyzed
4v4 RM · 8d ago on Sep 23, 2026· 47m 5s· 8 players
Game mode
Random Map
Map size
Large (8 player)
Population
200
Speed
Normal
Resources
Standard
Victory
Conquest
Starting age
Dark Age
Ending age
Imperial Age
RankedLock teamsTeams togetherTeam positionsShared explorationLock speedFull tech treeHidden civsTurbo modeCheats
Victory
Defeat
🇦🇺 Poles · Australia
1029
+12
🇦🇺 Bohemians · Australia
986
+13
🇳🇿 Lithuanians · New Zealand
979
+14
🇦🇺 Teutons · Australia
959
+14
🇨🇳 Mongols · China
961
-15
🇹🇼 Persians · Taiwan
931
-13
🇨🇳 Magyars · China
915
-13
🇨🇳 Khmer · China
899
-12
张益达
12:31 Feudal Age
13:24 Double-Bit Axe
17:04 Castle Age
16:06 Loom
20:17 Wheelbarrow
21:49 Bow Saw
23:48 Town Watch
24:27 Horse Collar
25:43 Gold Mining
27:41 Stone Mining
28:46 Ballistics
29:17 Heavy Plow
32:46 Imperial Age
30:28 Thumb Ring
30:35 Fletching
30:45 Padded Archer Armor
30:49 Nomads
32:23 Gold Shaft Mining
32:46 Bodkin Arrow
33:06 Leather Archer Armor
32:58 Scale Barding Armor
33:37 Stone Shaft Mining
33:50 Conscription
34:52 Hand Cart
35:01 Hand Cart
34:48 Town Patrol
35:23 Parthian Tactics
37:22 Husbandry
37:33 Bloodlines
37:36 Bracer
37:57 Chain Barding Armor
40:05 Chemistry
39:11 Siege Engineers
39:03 Murder Holes
40:17 Heavy Plow
40:36 Squires
40:08 Light Cavalry
40:43 Capped Ram
41:57 Hussar
心死就在一瞬間
6:58 Loom
10:39 Feudal Age
13:09 Horse Collar
13:19 Double-Bit Axe
14:32 Gold Mining
15:59 Wheelbarrow
15:44 Stone Mining
18:02 Castle Age
18:54 Wheelbarrow
21:11 Fervor
22:31 Scale Barding Armor
22:57 Bow Saw
25:41 Heavy Plow
26:07 Chain Barding Armor
27:38 Hand Cart
28:30 Stone Shaft Mining
28:32 Gold Shaft Mining
28:11 Forging
28:03 Scale Mail Armor
32:02 Imperial Age
29:37 Pikeman
30:18 Squires
30:03 Arson
32:02 Chain Mail Armor
32:22 Iron Casting
32:10 Husbandry
32:26 Bloodlines
32:09 Halberdier
37:10 Elite War Elephant
曾小贤
0:37 Loom
0:41 Loom
17:25 Feudal Age
21:14 Castle Age
20:07 Double-Bit Axe
20:08 Horse Collar
21:10 Scale Barding Armor
21:16 Forging
21:08 Scale Mail Armor
21:14 Padded Archer Armor
21:04 Fletching
23:14 Husbandry
23:25 Bloodlines
22:36 Light Cavalry
29:11 Leather Archer Armor
29:34 Tusk Swords
34:50 Imperial Age
33:22 Bow Saw
33:09 Gold Mining
33:10 Stone Mining
37:06 Imperial Age
35:11 Wheelbarrow
34:59 Murder Holes
35:24 Ballistics
40:36 Chemistry
41:34 Hand Cart
40:45 Elite Ballista Elephant
42:22 Conscription
42:53 Ring Archer Armor
42:19 Bodkin Arrow
45:48 Pikeman
Zephyr.H
12:28 Feudal Age
12:32 Loom
17:14 Castle Age
15:36 Double-Bit Axe
24:26 Horse Collar
24:51 Stone Mining
26:10 Gold Mining
31:41 Imperial Age
29:48 Corvinian Army
30:43 Bow Saw
30:36 Heavy Plow
30:32 Fletching
33:25 Wheelbarrow
32:35 Town Watch
36:57 Pikeman
37:41 Halberdier
38:52 Conscription
42:29 Elite Magyar Huszar
43:30 Conscription
47:24 Scale Barding Armor
Rashedul
12:02 Feudal Age
16:14 Castle Age
14:32 Double-Bit Axe
14:32 Horse Collar
19:34 Fervor
20:06 Wheelbarrow
20:43 Loom
22:10 Town Watch
23:01 Heavy Plow
23:48 Bow Saw
24:05 Stone Mining
24:18 Gold Mining
27:30 Stone Shaft Mining
27:26 Scale Barding Armor
28:06 Hand Cart
32:39 Imperial Age
30:42 Chain Barding Armor
30:46 Forging
31:14 Sanctity
31:30 Murder Holes
31:56 Ballistics
31:53 Bloodlines
31:44 Husbandry
32:52 Iron Casting
32:46 Elite Leitis
33:48 Conscription
33:49 Elite Skirmisher
34:31 Tower Shields
36:26 Padded Archer Armor
36:16 Fletching
37:02 Plate Barding Armor
38:29 Chemistry
39:39 Bodkin Arrow
40:00 Leather Archer Armor
41:06 Bombard Tower
41:32 Bracer
42:03 Ring Archer Armor
45:57 Two-Man Saw
45:28 Crop Rotation
45:34 Masonry
46:15 Scale Mail Armor
Sarder King
10:20 Feudal Age
12:07 Loom
15:18 Castle Age
14:52 Man-at-Arms
21:11 Double-Bit Axe
21:56 Horse Collar
25:11 Wheelbarrow
28:30 Imperial Age
27:13 Heavy Plow
27:21 Fletching
28:42 Forging
28:34 Padded Archer Armor
30:16 Bow Saw
29:54 Elite Skirmisher
30:55 Bodkin Arrow
31:16 Leather Archer Armor
32:58 Conscription
35:04 Crenellations
35:11 Hand Cart
37:20 Hoardings
37:00 Scale Barding Armor
37:30 Iron Casting
38:02 Chain Barding Armor
38:58 Chemistry
38:18 Ballistics
38:10 Masonry
42:20 Bloodlines
42:13 Squires
43:31 Cavalier
47:08 Gold Mining
47:08 Stone Mining
Prince_of_Tropics
11:44 Feudal Age
16:34 Castle Age
15:00 Horse Collar
15:10 Double-Bit Axe
15:28 Stone Mining
17:53 Loom
18:25 Heavy Plow
19:03 Bow Saw
26:26 Wheelbarrow
26:43 Szlachta Privileges
30:57 Imperial Age
28:44 Hand Cart
28:39 Scale Barding Armor
28:39 Husbandry
28:49 Bloodlines
30:58 Chain Barding Armor
31:15 Forging
31:09 Cavalier
45:29 Iron Casting
TikishTakush
11:53 Feudal Age
14:34 Loom
18:28 Castle Age
17:23 Horse Collar
17:33 Double-Bit Axe
20:56 Bow Saw
31:18 Imperial Age
29:24 Heavy Plow
29:27 Pikeman
30:07 Squires
31:25 Chemistry
31:41 Wheelbarrow
31:20 Fletching
31:40 Forging
32:51 Halberdier
34:04 Siege Engineers
34:10 Masonry
34:50 Elite Hussite Wagon
35:50 Conscription
35:37 Wagenburg Tactics
37:28 Architecture
36:53 Murder Holes
36:30 Houfnice
37:17 Bodkin Arrow
37:57 Iron Casting
40:33 Caravan
41:04 Coinage
41:37 Blast Furnace
40:38 Scale Mail Armor
40:39 Bracer
41:01 Ballistics
46:33 Arson
Connection lost

Rejoining the realm…

Still unreachable

The connection could not be restored.

Session expired

The server has moved on; the page needs a fresh start.